 Dungeon Crawl Stone Soup version 0.24.0-29-g8ce449bc06 (webtiles) character file.

Game seed: 5850991658068647529, levelgen mode: deterministic

497 Flugslaktarn the Chopper (level 6, -5/56 HPs)
             Began as a Minotaur Fighter on Nov 16, 2019.
             Was an Elder of Uskayaw.
             Killed by divine providence
             ... invoked by an orc priest
              (15 damage)
             ... on level 4 of the Dungeon.
             The game lasted 00:01:32 (2764 turns).

Flugslaktarn the Chopper (Minotaur Fighter)         Turns: 2764, Time: 00:01:32

Health: -5/56      AC:  7    Str: 23    XL:     6   Next: 93%
Magic:  6/6        EV:  7    Int:  5    God:    Uskayaw [****..]
Gold:   223        SH: 10    Dex:  9    Spells: 5/5 levels left

rFire    . . .     SeeInvis .   a - +0 war axe
rCold    . . .     Gourm    .   c - +0 shield
rNeg     . . .     Faith    .   b - +0 scale mail
rPois    .         Spirit   .   (helmet restricted)
rElec    .         Reflect  .   (no cloak)
rCorr    .         Harm     .   (no gloves)
MR       .....                  (no boots)
Stlth    ..........             (no amulet)
HPRegen  0.18/turn              (no ring)
MPRegen  0.10/turn              (no ring)

@: lethally poisoned (-5 -> -10)
A: retaliatory headbutt, horns 2
a: Stomp, Line Pass, Renounce Religion


You were on level 4 of the Dungeon.
You worshipped Uskayaw.
Uskayaw was noncommittal.
You were not hungry.

You visited 1 branch of the dungeon, and saw 4 of its levels.

You collected 223 gold pieces.

Inventory:

Hand Weapons
 a - a +0 war axe (weapon)
Armour
 b - a +0 scale mail (worn)
 c - a +0 shield (worn)
Jewellery
 s - an uncursed ring of ice
   (You found it on level 4 of the Dungeon)
Scrolls
 g - a scroll of immolation {unknown}
 j - 3 scrolls of teleportation {unknown}
 k - 2 scrolls of identify {unknown}
 l - a scroll of enchant weapon {unknown}
 n - a scroll of remove curse {unknown}
 p - a scroll of magic mapping {unknown}
 q - a scroll of amnesia {unknown}
 r - a scroll of blinking {unknown}
 u - a scroll of enchant armour {unknown}
Potions
 d - a potion of might
 h - a potion of heal wounds {unknown}
 i - 2 potions of curing {unknown}
 m - 2 potions of degeneration {unknown}
 o - a potion of mutation {unknown}
 t - a potion of haste {unknown}
Comestibles
 e - 11 rations
 f - a chunk of flesh


   Skills:
 + Level 5.1 Fighting
 * Level 5.6 Axes
 + Level 5.1 Armour
 + Level 5.2 Shields
 + Level 2.1 Invocations


You had 5 spell levels left.
You didn't know any spells.
Your spell library was empty.

Dungeon Overview and Level Annotations

Branches:
Dungeon (4/15)
 Temple: D:4-7

Altars:
Uskayaw
Vehumet

Annotations:
D:3 2 runed translucent doors, Flugslaktarn's ghost, amateur MiFi


Innate Abilities, Weirdness & Mutations

You reflexively headbutt those who attack you in melee.
You have a pair of horns on your head.


Message History

You are too injured to fight recklessly!
You are too injured to fight recklessly!
You are too injured to fight recklessly!
You are too injured to fight recklessly!
You are too injured to fight recklessly!
You are too injured to fight recklessly!
Unknown command.
Your scale mail prevents you from hitting the hippogriff.
Your headbutt misses the hippogriff.
The hippogriff is moderately wounded.
You feel sick. You block the hippogriff's attack. The hippogriff pecks you.
* * * LOW HITPOINT WARNING * * *
The hippogriff claws you but does no damage.
Okay, then.
The hippogriff is no longer sharing its pain.
The orc priest is no longer sharing its pain.
The orc is no longer sharing its pain.
The orc priest mumbles some strange prayers to Beogh against you.
Beogh smites you!
You die...

# # # . # .# .# #
###.# ... ## #...
...? .#
..y#####.### #..
.# ..ooooH....#...
.#
..o#####@#.#.###..
.# #..............
.# #.####..#####.
.# #....# .#
#..#.# .# .#
#..#.....# .#
#.######.# .#
####.#### #.# .#
#....#..###.#


You could see a hippogriff, a killer bee, an orc priest and 3 orcs.

Vanquished Creatures
  A centaur (D:3)
  2 killer bees (D:4)
  5 orc wizards (D:4)
  A worker ant (D:4)
  3 adders
  3 gnolls (D:3)
  An ooze (D:4)
  An adder skeleton (D:4)
  A worm (D:3)
  3 dart slugs
  5 leopard geckos
  13 orcs
  8 giant cockroaches
  4 goblins
  9 hobgoblins
  6 jackals
  A quokka (D:2)
  5 bats (D:1)
  3 frilled lizards
  12 kobolds
  6 rats
93 creatures vanquished.

Notes
Turn   | Place    | Note
-------+----------+-------------------------------------------
     0 | D:1      | Flugslaktarn the Minotaur Fighter began the quest for the
                  | Orb.
     0 | D:1      | Reached XP level 1. HP: 19/19 MP: 0/0
   173 | D:1      | Reached XP level 2. HP: 27/27 MP: 1/1
   282 | D:1      | Reached XP level 3. HP: 31/33 MP: 2/2
   836 | D:2      | Found a hide-covered altar of Uskayaw.
  1333 | D:3      | Reached XP level 4. HP: 37/40 MP: 3/3
  1385 | D:3      | Found a radiant altar of Vehumet.
  1498 | D:2      | Became a worshipper of Uskayaw the Reveler
  1574 | D:3      | Reached * piety under Uskayaw
  1777 | D:3      | Noticed a centaur
  1781 | D:3      | Reached ** piety under Uskayaw
  1782 | D:3      | Reached *** piety under Uskayaw
  1783 | D:3      | Killed a centaur
  1783 | D:3      | Reached skill level 1 in Invocations
  1783 | D:3      | Reached XP level 5. HP: 38/47 MP: 4/4
  1784 | D:3      | Reached **** piety under Uskayaw
  1973 | D:3      | Found a large runed translucent door.
  1973 | D:3      | Found a large runed translucent door.
  1974 | D:3      | Noticed Flugslaktarn's ghost (amateur MiFi)
  2149 | D:4      | Reached XP level 6. HP: 53/55 MP: 4/6
  2153 | D:4      | Reached skill level 5 in Axes
  2290 | D:4      | Reached skill level 5 in Fighting
  2290 | D:4      | Reached skill level 5 in Shields
  2448 | D:4      | Reached skill level 5 in Armour
  2744 | D:4      | Noticed a hippogriff
  2764 | D:4      | Killed from afar by an orc priest

Levels and vault maps discovered:
D:1:      onia_arrival_mini_spirals, layout_rooms,
          chequers_serial_rivers_micro_d
D:2:      layout_rooms, nicolae_overflow_hidden_temple, first_ration
D:3:      layout_basic, vehumet_crystals, ebering_ghost_disaster_area
D:4:      layout_basic, hangedman_decor_lopped

Skill      XL: |  1  2  3  4  5  6 |
---------------+-------------------+-----
Axes           | 3 4 5 |  5.6
Armour         | 4 5 |  5.1
Shields        | 4 5 |  5.2
Fighting       | 4 5 |  5.1
Invocations    | 1 2 |  2.1

Action                   |  1- 3 |  4- 6 || total
-------------------------+-------+-------++-------
Melee: War axe           |    96 |   125 ||   221
       Headbutt          |    11 |    18 ||    29
 Stab: Paralysed         |       |     6 ||     6
  Eat: Chunk             |     1 |     5 ||     6
Armor: Scale mail        |    45 |    59 ||   104
Dodge: Dodged            |    26 |    46 ||    72
Block: Shield            |    64 |    58 ||   122
